 Dungeon Crawl Stone Soup version 0.24-a0-366-gc1c896e988 (console) character file.

Game seed: 1480157596255743524

9403 Lexodia the Grappler (level 11, -6/100 HPs)
             Began as a Troll Fighter on May 28, 2019.
             Was the Champion of Dithmenos.
             Mangled by a spiny frog (13 damage)
             ... on level 1 of the Lair of Beasts.
             The game lasted 00:32:18 (8096 turns).

Lexodia the Grappler (Troll Fighter)                Turns: 8096, Time: 00:32:20

Health: -6/100     AC: 12    Str: 26    XL:     11   Next: 22%
Magic:  13/13      EV: 10    Int:  4    God:    Dithmenos [******]
Gold:   523        SH: 11    Dex: 12    Spells: 12/14 levels left

rFire    . . .     SeeInvis .     - Unarmed
rCold    . . .     Gourm    +   b - +0 shield
rNeg     . . .     Faith    +   a - +0 robe
rPois    .         Spirit   .   (helmet restricted)
rElec    +         Reflect  .   C - +0 cloak
rCorr    +         Harm     .   (gloves unavailable)
MR       .....                  (boots unavailable)
Stlth    +++.......             D - amulet of faith
HPRegen  0.66/turn              e - +3 ring of protection
MPRegen  0.13/turn              K - ring of resist corrosion

@: lethally poisoned (-6 -> -7), about to teleport, slowed, wreathed by umbra,
very slow
A: large, unfitting armour, claws 3, iridescent scales 1, fast metabolism 3,
gourmand, sense surroundings 1, regeneration 1, shaggy fur 1, electricity
resistance, tough skin 3
a: Shadow Step, Shadow Form, Renounce Religion


You were on level 1 of the Lair of Beasts.
You worshipped Dithmenos.
Dithmenos was exalted by your worship.
You were very full.

You visited 2 branches of the dungeon, and saw 12 of its levels.

You collected 523 gold pieces.

Inventory:

Missiles
 o - 444 stones (quivered)
Armour
 a - a +0 robe (worn)
 b - a +0 shield (worn)
 l - a +0 large shield
 C - a +0 cloak (worn)
Jewellery
 e - a +3 ring of protection (left claw)
 f - an uncursed amulet of guardian spirit
 z - an uncursed ring of positive energy
 D - an amulet of faith (around neck)
 K - a ring of resist corrosion (right claw)
Wands
 F - a wand of acid (23)
 I - a wand of flame (10)
 M - a wand of disintegration (14)
Scrolls
 h - 3 scrolls of identify
 j - 3 scrolls of remove curse
 n - 3 scrolls of magic mapping
 u - 5 scrolls of teleportation
 y - a scroll of amnesia
 B - a scroll of summoning
Potions
 c - 3 potions of might
 m - 5 potions of flight
 p - a potion of curing
 q - 2 potions of resistance
 t - 2 potions of cancellation
 E - a potion of magic
 L - a potion of brilliance
Miscellaneous
 r - a lamp of fire
Comestibles
 d - 19 rations
 g - 11 chunks of flesh


   Skills:
 - Level 4.0 Fighting
 + Level 3.9 Throwing
 - Level 2.4 Dodging
 + Level 3.0 Stealth
 + Level 8.9 Shields
 + Level 10.2 Unarmed Combat
 - Level 2.0 Spellcasting
 - Level 4.0 Hexes
 + Level 0.2 Invocations


You had 12 spell levels left.
You knew the following spells:

 Your Spells              Type           Power        Failure   Level  Hunger
a - Apportation           Tloc           #.....       43%         1    ##.....
b - Confusing Touch       Hex            #.....       9%          1    ##.....

Your spell library contained the following spells:

 Spells                   Type           Power        Failure   Level  Hunger
 Animate Skeleton         Necr           N/A          43%         1    ##.....
 Magic Dart               Conj           #...         43%         1    ##.....
 Summon Small Mammal      Summ           #...         43%         1    ##.....
 Dazzling Spray           Conj/Hex       #.....       52%         3    ####...
 Searing Ray              Conj           #.....       56%         2    ###....
 Fulminant Prism          Conj/Hex       #.........   90%         4    #####..
 Force Lance              Conj/Tloc      #.......     99%         4    #####..
 Iskenderun's Mystic Bla  Conj           #.......     99%         4    #####..


Dungeon Overview and Level Annotations

Branches:
Dungeon (11/15)            Temple (0/1) D:5            Lair (1/6) D:11
    Orc: D:9-12

Altars:
Ashenzari
Dithmenos
Elyvilon
Gozag
Makhleb
Nemelex Xobeh
Okawaru
Uskayaw
Wu Jian
Yredelemnul

Shops:
D:10 [

Annotations:
D:4 3 runed translucent doors, D1HalberdGnoll's ghost, amateur KoSu; Oravi's ghost, weakling KoEn; Shaidar's ghost, amateur GrFi; Toogi's ghost, amateur MiCj; motoroller71's ghost, amateur HuGl
D:11 Urug
Lair:1 Sonja


Innate Abilities, Weirdness & Mutations

You are too large for most types of armour.
You have claws for hands.
Your metabolism is lightning-fast.
You like to eat raw meat.
Your natural rate of healing is unusually fast.
You are covered in fur. (AC +1)
You have extremely tough skin. (AC +3)
You are partially covered in iridescent scales. (AC +2)
You passively map a small area around you.
You are resistant to electric shocks. (rElec)


Message History

You feel strangely unstable.
You feel very sick. The spiny frog misses you.
You block the spiny frog's attack.
Sonja throws a curare-tipped dart.
The curare-tipped dart hits you.
You are lethally poisoned!
You have difficulty breathing.
* * * LOW HITPOINT WARNING * * *
You feel as though you will be slow longer.
Huge Dmg: -14%(-14hp) hp: 6%(6hp) Unknown command.
Okay, then.
Okay, then.
You feel better.
Sonja throws a curare-tipped dart.
The curare-tipped dart hits you.
You are poisoned.
You have difficulty breathing.
* * * LOW HITPOINT WARNING * * *
You feel as though you will be slow longer.
The spiny frog stings you!
You die...

, , ...* .!# * ..#
#### * , *
#..##..###*#*. *
#.#%.....#.#.. ,
##............., ,
#.##.#............
* ,
..........@F...=..
....P..<^..h#.#...
..........#.h...
%.......###...h..
, ........# K....#
, ..###....
...h... , *, * .*
*###.., ......> ,
* * ... ,....?..
#... , , ,


You could see a spiny frog, Sonja and 4 wolves.

Vanquished Creatures
  An ugly thing (D:11)
  A centaur zombie (D:11)
  2 trolls
  Grinder (D:3)
  Prince Ribbit (D:6)
  A slime creature (D:11)
  A shadow (D:11)
  A vampire (D:10)
  Eustachio (D:6)
  9 yaks
  A hungry ghost (D:9)
  Menkaure (D:7)
  A water moccasin (D:5)
  2 ice beasts
  8 orc warriors
  3 sky beasts
  2 phantoms
  A necrophage (D:9)
  2 black bears
  4 ogres
  An eye of draining (D:8)
  7 centaurs
  3 big kobolds
  6 bullfrogs
  8 killer bees
  6 wights
  3 crimson imps
  4 howler monkeys
  2 jellies
  A quasit (D:9)
  9 orc priests
  7 hounds
  Crazy Yiuf (D:2)
  2 bullfrog skeletons
  15 orc wizards
  2 iguanas
  5 worker ants
  A killer bee zombie (D:8)
  2 hound zombies
  2 hound skeletons (D:4)
  A howler monkey skeleton (D:4)
  2 worker ant zombies
  Robin (D:4)
  5 gnolls
  15 adders
  2 shadow imps
  An ooze (D:7)
  2 adder skeletons
  2 worms
  A dart slug (D:3)
  4 leopard geckos
  43 orcs
  6 bats
  6 giant cockroaches
  2 gnoll zombies (D:4)
  13 goblins
  8 hobgoblins
  17 jackals
  5 quokkas
  5 ball pythons
  5 frilled lizards
  A jackal skeleton (D:5)
  23 kobolds
  8 rats
309 creatures vanquished.

Vanquished Creatures (collateral kills)
  A killer bee (D:11)
1 creature vanquished.

Vanquished Creatures (others)
  An orc (D:11)
1 creature vanquished.

Grand Total: 311 creatures vanquished

Notes
Turn   | Place    | Note
-------+----------+-------------------------------------------
     0 | D:1      | Lexodia the Troll Fighter began the quest for the Orb.
     0 | D:1      | Reached XP level 1. HP: 22/22 MP: 0/0
    29 | D:1      | Huge Dmg: 5 dmg
    49 | D:1      | Reached XP level 2. HP: 29/29 MP: 1/1
   469 | D:2      | Reached XP level 3. HP: 36/36 MP: 2/2
   634 | D:2      | Reached skill level 3 in Unarmed Combat
   970 | D:2      | Found a faded altar of an unknown god.
   979 | D:2      | Became a worshipper of Dithmenos the Shadowed
   979 | D:2      | Reached * piety under Dithmenos
  1006 | D:2      | Reached XP level 4. HP: 44/44 MP: 3/3
  1101 | D:2      | Found a runed translucent door.
  1102 | D:2      | Noticed Crazy Yiuf
  1111 | D:2      | Killed Crazy Yiuf
  1464 | D:3      | Reached skill level 4 in Unarmed Combat
  1464 | D:3      | Reached XP level 5. HP: 50/50 MP: 4/4
  1466 | D:3      | Reached ** piety under Dithmenos
  1775 | D:3      | Found an ornate altar of the Wu Jian Council.
  1835 | D:3      | Noticed Grinder
  1845 | D:3      | Killed Grinder
  1845 | D:3      | Reached skill level 5 in Unarmed Combat
  1845 | D:3      | Reached XP level 6. HP: 53/59 MP: 3/5
  1895 | D:4      | Found a runed translucent gate.
  1896 | D:4      | Found a runed translucent gate.
  1897 | D:4      | Found a runed translucent gate.
  1897 | D:4      | Noticed motoroller71's ghost (amateur HuGl)
  1899 | D:4      | Noticed D1HalberdGnoll's ghost (amateur KoSu)
  1899 | D:4      | Noticed Oravi's ghost (weakling KoEn)
  1899 | D:4      | Noticed Shaidar's ghost (amateur GrFi)
  1900 | D:4      | Noticed Toogi's ghost (amateur MiCj)
  2050 | D:4      | Reached skill level 5 in Shields
  2050 | D:4      | Reached XP level 7. HP: 66/66 MP: 6/6
  2093 | D:4      | Huge Dmg: 18 dmg
  2202 | D:4      | Reached skill level 1 in Stealth
  2263 | D:4      | Reached skill level 6 in Unarmed Combat
  2265 | D:4      | Reached *** piety under Dithmenos
  2355 | D:4      | Found a basalt altar of Yredelemnul.
  2529 | D:4      | Noticed Robin
  2537 | D:4      | Killed Robin
  2766 | D:5      | Entered Level 5 of the Dungeon
  2785 | D:5      | Found a burning altar of Makhleb.
  2842 | D:5      | Got a transparent whip
  2843 | D:5      | Identified the +4 whip of the Hidden Vale {elec, MR+ Dex+2}
                  | (You found it on level 5 of the Dungeon)
  2945 | D:5      | Huge Dmg: 12 dmg
  2946 | D:5      | Reached XP level 8. HP: 53/74 MP: 4/7
  2958 | D:5      | Found a shattered altar of Ashenzari.
  2973 | D:5      | Learned a level 1 spell: Apportation
  2975 | D:5      | Learned a level 1 spell: Confusing Touch
  2987 | D:5      | Found a staircase to the Ecumenical Temple.
  3291 | D:6      | Found a white marble altar of Elyvilon.
  3311 | D:6      | Reached skill level 7 in Unarmed Combat
  3311 | D:6      | Reached skill level 1 in Hexes
  3533 | D:6      | Noticed Eustachio
  3563 | D:6      | Killed Eustachio
  3778 | D:6      | Noticed Prince Ribbit
  3784 | D:6      | Killed Prince Ribbit
  3797 | D:6      | Found a sparkling altar of Nemelex Xobeh.
  3927 | D:7      | Reached XP level 9. HP: 78/80 MP: 6/8
  3968 | D:7      | Reached skill level 8 in Unarmed Combat
  4115 | D:7      | Reached **** piety under Dithmenos
  4195 | D:7      | Noticed Menkaure
  4204 | D:7      | Killed Menkaure
  4467 | D:7      | Found an iron altar of Okawaru.
  4941 | D:8      | Huge Dmg: 11 dmg
  4944 | D:8      | Huge Dmg: 8 dmg
  4945 | D:8      | Huge Dmg: 6 dmg
  5062 | D:8      | Reached ***** piety under Dithmenos
  5225 | D:8      | Huge Dmg: 11 dmg
  5250 | D:8      | Reached XP level 10. HP: 56/89 MP: 7/10
  5370 | D:8      | Reached skill level 1 in Spellcasting
  5387 | D:8      | Reached skill level 9 in Unarmed Combat
  5423 | D:8      | Found an opulent altar of Gozag.
  5423 | D:8      | Found a hide-covered altar of Uskayaw.
  5780 | D:9      | Huge Dmg: 21 dmg
  6495 | D:10     | Entered Level 10 of the Dungeon
  6495 | D:10     | Found Narghum's Antique Armour Boutique.
  6546 | D:10     | Reached skill level 1 in Throwing
  6552 | D:11     | Noticed Urug
  7213 | D:10     | Reached ****** piety under Dithmenos
  7368 | D:10     | Gained mutation: Armour fits poorly on your strangely
                  | shaped body. [potion of mutation]
  7368 | D:10     | Gained mutation: You are somewhat resistant to further
                  | mutation. [potion of mutation]
  7369 | D:10     | Lost mutation: You are somewhat resistant to further
                  | mutation. [potion of mutation]
  7369 | D:10     | Lost mutation: Armour fits poorly on your strangely shaped
                  | body. [potion of mutation]
  7369 | D:10     | Gained mutation: You passively map a small area around you.
                  | [potion of mutation]
  7369 | D:10     | Gained mutation: You are partially covered in iridescent
                  | scales. (AC +2) [potion of mutation]
  7369 | D:10     | Gained mutation: You are resistant to electric shocks.
                  | (rElec) [potion of mutation]
  7389 | D:11     | Huge Dmg: 21 dmg
  7472 | D:11     | Huge Dmg: 17 dmg
  7520 | D:11     | Huge Dmg: 26 dmg
  7611 | D:11     | Noticed a red ugly thing
  7662 | D:11     | Huge Dmg: 20 dmg
  7665 | D:11     | Huge Dmg: 11 dmg
  7669 | D:11     | Huge Dmg: 21 dmg
  7674 | D:11     | Killed a purple ugly thing
  7674 | D:11     | Reached skill level 10 in Unarmed Combat
  7674 | D:11     | Reached XP level 11. HP: 34/100 MP: 11/13
  7676 | D:11     | Huge Dmg: 9 dmg
  7696 | D:11     | Huge Dmg: 15 dmg
  7705 | D:11     | Huge Dmg: 24 dmg
  7709 | D:11     | Huge Dmg: 8 dmg
  8032 | D:11     | Huge Dmg: 22 dmg
  8035 | D:11     | Huge Dmg: 16 dmg
  8042 | D:11     | Huge Dmg: 10 dmg
  8074 | D:11     | Huge Dmg: 24 dmg
  8081 | D:11     | Found a staircase to the Lair.
  8091 | Lair:1   | Entered Level 1 of the Lair of Beasts
  8094 | Lair:1   | Noticed Sonja
  8095 | Lair:1   | Huge Dmg: 17 dmg
  8096 | Lair:1   | Huge Dmg: 14 dmg
  8096 | Lair:1   | Mangled by a spiny frog

Levels and vault maps discovered:
D:1:      mushboom_english_gardens, layout_rooms
D:2:      layout_loops_ring, chequers_ecumenical_altar_simple_redux,
          uniq_crazy_yiuf_cottage
D:3:      layout_basic, nicolae_overflow_crystal_walls,
          kennysheep_generic_room_14, uniq_grinder
D:4:      cheibrodos_helix_gallery, layout_gridville,
          lemuel_zombie_altar_yredelemnul, gammafunk_ghost_cemetery,
          ebering_dispersal_statue_hall, kennysheep_cross_room,
          serial_bayou_crossing, uniq_robin
D:5:      layout_cave_pools, bloody_makhleb, kennysheep_mini_moat,
          temple_pool_b, first_ration, minmay_misc_feat_pillars
D:6:      layout_loops_ring, elyvilon_altar_5,
          nemelex_xobeh_ov_fountains_minmay, uniq_prince_ribbit1, uniq_eustachio
D:7:      layout_loops_ring, okawaru_altar_gauntlet_db,
          minmay_manual_mandibuliform, uniq_menkaure
D:8:      layout_cave_pools, gammafunk_temple_overflow_pools, serial_glass,
          glass_columns_b, glass_columns_c, minmay_strange_pillars,
          item_on_display_a
D:9:      layout_loops_ring, blue_anna_alchemist [blue_anna_fruit_fields,
          blue_anna_fruit_fields]
D:10:     layout_gridville, serial_shops, shop
D:11:     layout_cave_pools, lair_entry_dummy, grunt_decor_mini_mirrors,
          grunt_ministairs_13, uniq_urug
Lair:1:   layout_misc_corridors, gauntlet_entry_generic, lemuel_fruit_fields,
          uniq_sonja, uniq_erica

Skill      XL: |  1  2  3  4  5  6  7  8  9 10 |
---------------+-------------------------------+-----
Shields        | 3 4 5 6 7 8 |  8.9
Unarmed Combat | 3 4 5 6 7 8 10 | 10.2
Stealth        | 1 2 3 |  3.0
Hexes          | 2 3 4 |  4.0
Spellcasting   | 2 |  2.0
Fighting       | 4 |  4.0
Throwing       | 3 |  3.9
Dodging        | |  2.4
Invocations    | |  0.2

Action                   |  1- 3 |  4- 6 |  7- 9 | 10-12 || total
-------------------------+-------+-------+-------+-------++-------
Melee: Unarmed           |   108 |   138 |   437 |   396 ||  1079
Throw: Stone             |       |       |    18 |       ||    18
 Cast: Confusing Touch   |       |       |     4 |    14 ||    18
  Use: Potion            |       |       |     3 |     8 ||    11
       Scroll            |       |       |       |    23 ||    23
 Stab: Sleeping          |       |     1 |     6 |     5 ||    12
       Invisible         |       |     1 |       |       ||     1
       Confused          |       |       |     1 |     8 ||     9
  Eat: Chunk             |    14 |    11 |    30 |    28 ||    83
Armor: Robe              |    41 |    33 |   125 |    96 ||   295
       Skin              |       |       |       |   115 ||   115
Dodge: Dodged            |    27 |    40 |   191 |   147 ||   405
Block: Shield            |    44 |    47 |   218 |   259 ||   568

Table legend:
 A = Non-vault XP
 B = Vault XP
 C = Vault XP percentage of total XP
 D = Non-vault monster count
 E = Vault monster count
 F = Vault count percentage of total count
                 A         B        C        D         E       F
            +---------+---------+-------+---------+---------+-------
      Total |   12127 |    1307 |   9.7 |     286 |      24 |   7.7
            +---------+---------+-------+---------+---------+-------
        D:1 |      29 |       0 |   0.0 |      18 |       0 |   0.0
        D:2 |      80 |      42 |  34.4 |      21 |       1 |   4.5
        D:3 |      95 |     283 |  74.9 |      32 |       2 |   5.9
        D:4 |     679 |      38 |   5.3 |      24 |       7 |  22.6
        D:5 |     233 |       0 |   0.0 |       8 |       0 |   0.0
        D:6 |     635 |     467 |  42.4 |      13 |       2 |  13.3
        D:7 |     759 |     385 |  33.7 |      23 |      11 |  32.4
        D:8 |    2193 |       0 |   0.0 |      50 |       0 |   0.0
        D:9 |    1831 |      92 |   4.8 |      42 |       1 |   2.3
       D:10 |    2427 |       0 |   0.0 |      25 |       0 |   0.0
       D:11 |    3166 |       0 |   0.0 |      30 |       0 |   0.0
            +---------+---------+-------+---------+---------+-------
